 Dungeon Crawl Stone Soup version 0.21-a0-38-g95c5c02 (webtiles) character file.

44 HAL9000 the Ruffian (level 3, -3/28 HPs)
             Began as a Draconian Transmuter on May 29, 2017.
             Slain by Natasha (4 damage)
             ... on level 2 of the Dungeon.
             The game lasted 00:04:04 (1137 turns).

HAL9000 the Ruffian (Draconian Transmuter)          Turns: 1137, Time: 00:04:05

Health: -3/28      AC:  5    Str: 12    XL:     3   Next: 39%
Magic:  6/6        EV: 12    Int: 14    God:
Gold:   94         SH:  0    Dex: 11    Spells: 5/6 levels left

rFire    . . .     SeeInvis .     - Unarmed
rCold    . . .     Gourm    .   (no shield)
rNeg     . . .     Faith    .   (armour unavailable)
rPois    .         Spirit   .   (helmet restricted)
rElec    .         Reflect  .   (no cloak)
rCorr    .         Harm     .   (no gloves)
MR       .....                  (no boots)
Stlth    +.........             (no amulet)
Regen    0.1/turn               (no ring)
MPRegen  0.1/turn               (no ring)

@: appendage (expiring), slowed, very slow
A: unfitting armour, horns 2, cold-blooded, AC +5
a: End Transformation


You were on level 2 of the Dungeon.
You were not hungry.
You had grown temporary horns.
You visited 1 branch of the dungeon, and saw 2 of its levels.

You collected 94 gold pieces.

Inventory:

Missiles
 a - 12 arrows
Scrolls
 d - a scroll of enchant weapon {unknown}
 e - a scroll of amnesia {unknown}
 f - a scroll of remove curse {unknown}
 g - a scroll of fear {unknown}
Books
 b - a book of Changes

   Spells                             Type                      Level
   a - Beastly Appendage              Transmutation                1
   b - Sticks to Snakes               Transmutation                2
   c - Spider Form                    Transmutation/Poison         3
   d - Ice Form                       Ice/Transmutation            4
   e - Blade Hands                    Transmutation                5
Comestibles
 c - a bread ration


   Skills:
 - Level 1.1 Fighting
 - Level 1.7 Dodging
 + Level 3.5 Unarmed Combat
 - Level 2.0 Spellcasting
 * Level 3.3 Transmutations


You had 5 spell levels left.
You knew the following spells:

 Your Spells              Type           Power        Failure   Level  Hunger
a - Beastly Appendage     Tmut           ##....       6%          1    ##.....


Dungeon Overview and Level Annotations

Branches:
Dungeon (2/15)

Altars:

Annotations:
D:2 Natasha


Innate Abilities, Weirdness & Mutations

Your plain brown scales are hard. (AC +5)
You cannot fit into any form of body armour.
You are cold-blooded and may be slowed by cold attacks.
You have a pair of horns on your head.


Message History

You hit Natasha but do no damage.
Natasha is heavily wounded.
Natasha closely misses you.
Natasha stares at you and mumbles some strange words.
The magic dart hits you!
You hit Natasha. Your headbutt misses Natasha. Your punch misses Natasha.
Natasha is almost dead.
Natasha claws you.
* * * LOW HITPOINT WARNING * * *
Unknown command.
You aren't carrying any potions.
Natasha casts a spell at you. The magic dart hits you!
* * * LOW HITPOINT WARNING * * *
Natasha howls an incantation.
Natasha glows brightly for a moment.
Natasha casts a spell.
Your transformation is almost over.
Natasha claws you.
You die...

###############
#.......<.....#
.#####.#####.#
####.# #.@..#
#h##.# #5##.#
#............
#♣#♣.♣.####.#
.. .# #♣. .# ..
.. .. ..


You could see Natasha and a shadow imp.

Vanquished Creatures
  2 oozes (D:1)
  A leopard gecko (D:1)
  A ball python (D:1)
  4 bats (D:1)
  2 giant cockroaches (D:1)
  4 goblins (D:1)
  2 hobgoblins (D:1)
  4 jackals (D:1)
  3 kobolds (D:1)
  A frilled lizard (D:1)
  6 rats (D:1)
30 creatures vanquished.

Notes
Turn   | Place    | Note
-------+----------+-------------------------------------------
     0 | D:1      | HAL9000 the Draconian Transmuter began the quest for the Orb.
     0 | D:1      | Reached XP level 1. HP: 16/16 MP: 3/3
   175 | D:1      | Reached XP level 2. HP: 12/23 MP: 3/5
   644 | D:1      | Reached XP level 3. HP: 28/28 MP: 6/6
  1123 | D:2      | Noticed Natasha
  1135 | D:2      | HP: 1/28 [Natasha/magic dart (4)]
  1137 | D:2      | Slain by Natasha

Vault maps used:
D:1:      dpeg_arrival_more_subterranean_lakeside_camping, minmay_hexomino_f4
D:2:      nicolae_gozag_cash_rules_everything_around_me, serial_forest,
          infiniplex_forest_clump_medium, infiniplex_forest_straight_4,
          infiniplex_forest_split, infiniplex_forest_lined_2,
          infiniplex_forest_clump_small, infiniplex_forest_clump_C,
          infiniplex_forest_lined_corner, uniq_natasha, uniq_terence

Skill      XL: |  1  2 |
---------------+-------+-----
Transmutations | 3 |  3.3
Fighting       | |  1.1
Dodging        | |  1.7
Unarmed Combat | |  3.5
Spellcasting   | |  2.0

Action                   || total
-------------------------++-------
Melee: Unarmed           ||   121
       Tailslap          ||     7
       Kick              ||     4
       Headbutt          ||     5
       Punch             ||     1
 Cast: Beastly Appendage ||    15
  Use: Potion            ||     1
  Eat: Chunk             ||     1
Armor: Skin              ||    49
Dodge: Dodged            ||    75
